AoeStats
← theodb

Arabia

510466305Analyzed
3v3 RM · 12h ago on Oct 1, 2026· 53m 28s· 6 players
Game mode
Random Map
Map size
Normal (6 player)
Population
200
Speed
Normal
Resources
Standard
Victory
Conquest
Starting age
Dark Age
Ending age
Imperial Age
RankedLock teamsTeams togetherTeam positionsShared explorationLock speedFull tech treeHidden civsTurbo modeCheats
Victory
Defeat
🇲🇽 Gurjaras · Mexico
1042
+15
🇺🇸 Japanese · United States
981
+17
🇺🇸 Lithuanians · United States
972
+17
🇩🇴 Spanish · Dominican Republic
1023
-17
🇺🇸 Mongols · United States
1006
-16
🇦🇷 Celts · Argentina
1005
-16
Erickinio
4:36 Loom
11:24 Feudal Age
12:30 Double-Bit Axe
13:38 Man-at-Arms
15:20 Scale Mail Armor
15:52 Arson
20:52 Gold Mining
22:54 Forging
27:40 Castle Age
26:30 Horse Collar
28:37 Wheelbarrow
27:44 Pikeman
28:10 Gambesons
31:28 Iron Casting
34:19 Stronghold
34:42 Stone Mining
35:52 Bow Saw
39:50 Gold Shaft Mining
39:50 Stone Shaft Mining
40:10 Masonry
43:53 Stone Shaft Mining
43:50 Hand Cart
43:58 Ballistics
44:26 Fletching
44:37 Padded Archer Armor
44:52 Chain Mail Armor
45:01 Heavy Plow
theodb
9:15 Feudal Age
11:31 Wheelbarrow
13:49 Bloodlines
20:44 Double-Bit Axe
28:40 Castle Age
28:08 Loom
28:53 Scale Barding Armor
33:15 Husbandry
33:38 Forging
35:21 Horse Collar
36:12 Chain Barding Armor
43:32 Town Watch
44:05 Hand Cart
44:38 Heavy Plow
Zerg Ramfire
11:39 Feudal Age
12:23 Double-Bit Axe
12:27 Loom
13:33 Horse Collar
15:30 Bloodlines
19:35 Castle Age
19:17 Fletching
20:25 Bodkin Arrow
22:09 Padded Archer Armor
22:50 Wheelbarrow
23:47 Thumb Ring
24:01 Leather Archer Armor
25:02 Husbandry
26:26 Heavy Plow
26:38 Bow Saw
26:19 Pikeman
27:36 Scale Mail Armor
28:28 Ballistics
28:29 Forging
30:10 Squires
33:14 Gold Mining
34:41 Chain Mail Armor
39:19 Hand Cart
42:56 Imperial Age
41:12 Masonry
41:43 Sanctity
42:39 Coinage
42:51 Elite Skirmisher
44:43 Chemistry
44:37 Bracer
45:08 Plate Mail Armor
45:15 Iron Casting
45:28 Supremacy
46:17 Ring Archer Armor
48:11 Halberdier
51:41 Town Watch
boo radley
6:57 Loom
9:35 Feudal Age
10:16 Double-Bit Axe
9:52 Man-at-Arms
11:03 Horse Collar
15:36 Arson
17:02 Fletching
23:23 Castle Age
21:23 Gold Mining
23:11 Padded Archer Armor
23:26 Crossbowman
24:18 Bodkin Arrow
26:19 Bow Saw
26:10 Heavy Plow
28:23 Ballistics
28:35 Pikeman
32:39 Thumb Ring
32:52 Leather Archer Armor
33:40 Wheelbarrow
35:11 Hand Cart
40:54 Imperial Age
42:06 Arbalester
42:48 Bracer
43:55 Chemistry
43:31 Conscription
45:14 Kataparuto
50:29 Guard Tower
51:35 Ring Archer Armor
52:07 Two-Man Saw
BarbarianDave117
10:56 Feudal Age
9:13 Loom
16:44 Castle Age
18:44 Scale Barding Armor
19:23 Bloodlines
19:44 Horse Collar
20:01 Double-Bit Axe
21:00 Husbandry
23:05 Scale Mail Armor
23:18 Forging
25:56 Chain Barding Armor
27:42 Town Watch
28:27 Stone Mining
28:27 Gold Mining
30:02 Gold Mining
32:43 Wheelbarrow
35:23 Fletching
38:22 Imperial Age
40:23 Iron Casting
45:34 Conscription
44:40 Heavy Camel Rider
45:38 Scale Mail Armor
46:31 Hand Cart
46:19 Heavy Plow
46:30 Bow Saw
49:12 Kshatriyas
50:49 Plate Barding Armor
50:29 Chain Mail Armor
52:10 Town Patrol
52:36 Elite Chakram Thrower
53:42 Frontier Guards
Century03
12:08 Loom
13:54 Feudal Age
16:29 Double-Bit Axe
16:42 Horse Collar
21:53 Gold Mining
22:49 Bloodlines
24:58 Castle Age
23:55 Bloodlines
25:58 Bow Saw
25:51 Heavy Plow
26:00 Light Cavalry
29:46 Scale Barding Armor
31:05 Chain Barding Armor
32:03 Forging
31:58 Husbandry
37:33 Iron Casting
40:41 Stone Mining
43:05 Wheelbarrow
42:16 Town Watch
45:41 Imperial Age
42:57 Treadmill Crane
46:16 Cavalier
48:28 Two-Man Saw
50:59 Paladin
53:19 Plate Barding Armor
53:35 Conscription
Connection lost

Rejoining the realm…

Still unreachable

The connection could not be restored.

Session expired

The server has moved on; the page needs a fresh start.